[Event "45th FIDE Olympiad 2024"]
[Site "Budapest"]
[Date "2024.09.16"]
[Round "6.32"]
[White "Blohberger, Felix"]
[Black "Gumularz, Szymon"]
[Result "1/2-1/2"]
[ECO "E16"]
[WhiteElo "2520"]
[BlackElo "2571"]
[Annotator "TA"]
[PlyCount "129"]
[EventDate "2024.09.05"]
[EventType "team-tourn"]
[EventCountry "HUN"]
[SourceTitle "playchess.com"]
[Source "ChessBase"]
[SourceQuality "1"]
[WhiteTeam "Austria"]
[BlackTeam "Poland"]
[WhiteTeamCountry "AUT"]
[BlackTeamCountry "POL"]
[TimeControl "40/5400+30:1800+30"]

1. d4 Nf6 2. c4 e6 3. Nf3 b6 4. g3 Bb7 5. Bg2 Bb4+ 6. Bd2 a5 7. O-O O-O 8. Bg5 Be7 9. Qc2 Be4 10. Qd2 Bb7 11. Nc3 Ne4 12. Nxe4 Bxe4 13. Bxe7 Qxe7 14. Qf4 d5 15. cxd5 exd5 16. Rac1 Ra7 17. Rfd1 Rd8 18. e3 Rd6 19. Ne5 (19. Nh4 {looks sharper.} Rf6 20. Qg4 Bxg2 21. Qc8+) 19... Bxg2 20. Kxg2 f6 21. Nd3 Nc6 22. Qf3 {[%emt 0:03:20][%cal Oc1c6] Hoping for Rxc6!} Qd7 23. h4 Ne7 24. Rc3 c6 25. Rdc1 Ra8 26. h5 Re8 27. Rb3 Nc8 28. Nf4 Re4 29. Ne2 Re8 30. Rbc3 Ne7 31. Nf4 Kh8 32. Qd1 Nf5 33. Qc2 Rc8 34. Qb3 ({White should play} 34. a3) 34... Rb8 $16 35. Qc2 ({Better is} 35. a3) 35... Rc8 {[%emt 0:04:16] [#]} 36. a3 $1 Ne7 37. b4 axb4 38. axb4 b5 39. Ra3 {[%emt 0:00:47] Repels Qa7} Qe8 40. Rca1 Rd7 41. Ra6 Kg8 42. Qc5 Kf7 43. Ra7 {[%emt 0:01:27] White has more active pieces.} Rxa7 44. Qxa7 (44. Rxa7 $142 {Threatens to win with Qd6.} Ra8 45. Ra5) 44... Qd8 45. Ra6 Qc7 46. Qc5 {[%emt 0:02:52][%cal Oe3e4] Black must now prevent e4!} Qd7 47. Qb6 Qc7 48. Qxc7 Rxc7 {[%emt 0:00:05][%mdl 4096] Endgame. KRN-KRN} 49. Ra8 g5 50. hxg6+ hxg6 51. g4 Nc8 52. Nd3 Nb6 53. Ra6 Nc4 54. Kg3 g5 55. Nc5 Nd6 56. Ra8 Kg6 57. Kg2 Kf7 58. Na6 Rb7 59. Nc5 Rc7 60. Kf3 Kg6 61. Ke2 Kf7 62. Kd3 f5 63. gxf5 Nxf5 64. Ke2 g4 $1 65. Nd3 {[%emt 0:01:39] White really could win this.   Weighted Error Value: White=0.11 (very precise) /Black=0.07 (flawless) .  Mistake:       	White=3     	---        Inaccurate:     	White=2     	Black=2      OK:         	White=19    	Black=21     Best:        	White=1     	Black=1      Strong:       	---       	Black=1} 1/2-1/2

[Event "45th FIDE Olympiad 2024"]
[Site "Budapest"]
[Date "2024.09.16"]
[Round "6.33"]
[White "Suleymanli, Aydin"]
[Black "Stremavicius, Titas"]
[Result "1/2-1/2"]
[ECO "B40"]
[WhiteElo "2632"]
[BlackElo "2527"]
[Annotator "TA"]
[PlyCount "124"]
[EventDate "2024.09.05"]
[EventType "team-tourn"]
[EventCountry "HUN"]
[SourceTitle "playchess.com"]
[Source "ChessBase"]
[SourceQuality "1"]
[WhiteTeam "Azerbaijan"]
[BlackTeam "Lithuania"]
[WhiteTeamCountry "AZE"]
[BlackTeamCountry "LTU"]
[TimeControl "40/5400+30:1800+30"]

1. e4 c5 2. Nf3 e6 3. d4 cxd4 4. Nxd4 Nf6 5. Bd3 Nc6 6. Nxc6 bxc6 7. Bf4 {[%emt 0:00:12] B40: Sicilian: 2...e6, Unusual lines.} d5 8. Nd2 Nd7 9. O-O Be7 10. e5 Nc5 $146 ({Predecessor:} 10... a5 11. Re1 Ba6 12. Qg4 g6 13. Nf3 Bxd3 14. cxd3 Rb8 15. b3 Rb4 16. d4 c5 {1-0 Abdusattorov,N (2762)-Dosmukhambetov,A (1976) FIDE World Bl Team Pool A blitz 2024 (4.3)}) 11. Nb3 a5 12. Qg4 Kf8 13. Be3 Nd7 14. f4 c5 15. c4 d4 16. Bf2 g6 17. Nd2 Kg7 18. Rae1 Rb8 19. b3 a4 20. Bc2 axb3 21. axb3 Rb6 22. Qg3 h5 23. Ne4 Bb7 24. Ng5 Rh6 25. h4 Kf8 26. Ra1 Nb8 27. Be1 Nc6 28. Be4 (28. Bd2 $1 $18 d3 29. Qxd3 (29. Bxd3 Rxb3 30. Nxe6+ fxe6 $15) 29... Qxd3) 28... d3 $16 29. Kh2 (29. Bxd3 $6 Rxb3 30. Rd1 Nd4 $15) (29. Qxd3 $6 Qxd3 30. Bxd3 Rh8 $11) 29... d2 30. Bf2 Nd4 31. Bxb7 Rxb7 32. Bxd4 Qxd4 33. Rfd1 Qb2 34. Ne4 (34. Qe3 $14 Kg7 35. Ra4 (35. Rxd2 $2 Qxa1 36. Qf3 Ra7 $19) (35. Qxd2 Qxd2 36. Rxd2 Rh8 $16)) 34... Rxb3 $11 35. Nf6 Kg7 (35... Rxg3 36. Ra8+) (35... Rh8 $5 36. Qg5 $8 Kg7 $11) 36. Ra8 $2 (36. Qg5 $11 {and White has nothing to worry.} Rh8 (36... Bxf6 37. Qxf6+ Kg8 38. Rxd2) 37. Ra7) 36... Rh8 $1 $19 37. Rxh8 Kxh8 $2 (37... Bxf6 $19 38. exf6+ Kxh8) 38. Qg5 $15 Bf8 (38... Bxf6 $1 $15 39. Qxf6+ Kg8 40. Qd8+ Kh7 41. Qxd2 Qxd2 42. Rxd2 Rc3) 39. Ne4 $2 (39. Nd7 $11 Qd4 40. Nxf8) 39... Rd3 $2 (39... Qd4 $1 $19 40. Nxd2 Rb2) 40. Qf6+ $1 $11 Kg8 41. Ng5 Qb7 42. Nxe6 $1 Qe7 43. Ng5 $1 Qxf6 44. exf6 Bd6 45. g3 Bc7 46. Kg2 $1 Ba5 47. Nf3 Bc3 48. Kf2 Bxf6 49. Rxd2 Rc3 50. Ne5 Bxe5 51. Rd8+ Kg7 52. fxe5 Rxc4 53. Kf3 {[%emt 0:02:31] [#]} (53. Rc8 $15) 53... Rc1 ({Black should try} 53... Rg4 $1 $17 54. Rd7 Kf8) 54. Rc8 $15 c4 (54... Rc3+ $15 {should be considered.} 55. Kf4 Rc4+ 56. Kf3 Rc3+ 57. Kf4 Rc1) 55. Kf2 (55. Ke4 $1 $11) 55... c3 56. Kf3 {[%emt 0:01:21] [#]} g5 (56... c2 $1 $15 57. Kg2 Re1 58. Rxc2 Rxe5) 57. hxg5 $11 Kg6 58. Rc5 $1 Kf5 59. Kg2 c2 60. Kh2 Kxg5 61. e6+ Kf6 (61... f5 $5 62. e7 $8 Re1 $11) 62. exf7 Kxf7 1/2-1/2

[Event "45th FIDE Olympiad 2024"]
[Site "Budapest"]
[Date "2024.09.16"]
[Round "6.33"]
[White "Than, Min Hlaing"]
[Black "Wu, Li"]
[Result "1/2-1/2"]
[WhiteElo "2121"]
[BlackElo "2325"]
[PlyCount "86"]
[EventDate "2024.09.05"]
[EventType "team-tourn"]
[EventCountry "HUN"]
[WhiteTeam "Myanmar"]
[BlackTeam "Isle of Man"]
[WhiteTeamCountry "MYA"]
[BlackTeamCountry "IOM"]
[TimeControl "40/5400+30:1800+30"]

1. c4 Nf6 2. Nc3 g6 3. e4 d6 4. d4 Bg7 5. Be2 O-O 6. Nf3 Bg4 7. Be3 Nfd7 8. O-O Nc6 9. d5 Bxf3 10. Bxf3 Na5 11. Be2 Bxc3 12. bxc3 e5 13. dxe6 fxe6 14. f4 Qe7 15. Rf3 Rf7 16. Rg3 Raf8 17. f5 exf5 18. exf5 Rxf5 19. Bd3 Re5 20. Bd4 Rg5 21. Re3 Ne5 22. Qe2 c5 23. Re1 Nac6 24. Bxe5 Rxe5 25. Be4 Re8 26. Bd5+ Kg7 27. Rxe5 Qxe5 28. Qxe5+ Nxe5 29. Rb1 b6 30. a4 Nd3 31. a5 bxa5 32. Rb7+ Kh6 33. g3 a6 34. Ra7 a4 35. Rxa6 Re1+ 36. Kg2 Ra1 37. Ra7 Ne5 38. h4 Ng4 39. Be6 Ra2+ 40. Kf3 Ne5+ 41. Kf4 Rf2+ 42. Ke4 Re2+ 43. Kd5 Rd2+ 1/2-1/2

[Event "45th FIDE Olympiad 2024"]
[Site "Budapest"]
[Date "2024.09.16"]
[Round "6.34"]
[White "Pultinevicius, Paulius"]
[Black "Abasov, Nijat"]
[Result "1-0"]
[ECO "E49"]
[WhiteElo "2587"]
[BlackElo "2626"]
[Annotator "TA"]
[PlyCount "55"]
[EventDate "2024.09.05"]
[EventType "team-tourn"]
[EventCountry "HUN"]
[SourceTitle "playchess.com"]
[Source "ChessBase"]
[SourceQuality "1"]
[WhiteTeam "Lithuania"]
[BlackTeam "Azerbaijan"]
[WhiteTeamCountry "LTU"]
[BlackTeamCountry "AZE"]
[TimeControl "40/5400+30:1800+30"]

1. d4 Nf6 2. c4 e6 3. Nc3 Bb4 4. e3 O-O 5. Bd3 d5 6. a3 Bxc3+ 7. bxc3 dxc4 8. Bxc4 c5 9. Ne2 Qc7 10. Ba2 b6 11. O-O Ba6 12. Bb2 Rd8 {[%emt 0:03:58] The position is equal.} 13. Rc1 e5 14. Re1 c4 15. f3 e4 16. Ng3 Bb7 17. Qa4 Rc8 18. Bb1 Qe7 19. Qb5 Qe6 ({But not} 19... exf3 $6 20. e4 $16) 20. Rcd1 (20. Qf5 {is more complex.} exf3 21. Qf4 fxg2 22. Bf5) 20... a6 (20... exf3 $11 21. e4 fxg2) 21. Qg5 {[%emt 0:04:08][%cal Od4d5] Threatens to win with d5!} Nbd7 22. d5 Bxd5 23. fxe4 Bc6 (23... Bb7 $1 $11 {keeps the balance.}) 24. Nf5 $16 g6 {[%emt 0:00:07] [#]} (24... Ne8 $142) 25. Rf1 $1 $40 {[%emt 0:01:43][%mdl 128] Hoping for Rd6. White has strong attack. White is more active.} Ra7 $2 (25... Qe5 $16) 26. Rd6 $18 {[%emt 0:05:44] White is clearly winning.} Qe8 27. e5 Qxe5 {[%emt 0:00:29] [#]} 28. Rxf6 $1 {[%emt 0:00:11][%mdl 512] Weighted Error Value: White=0.08 (flawless) /Black=0.56.  Loses game:     	---       	Black=1      Mistake:       	---       	Black=3      Inaccurate:     	White=2     	Black=2      OK:         	White=6     	Black=6      Best:        	White=3     	---        Strong:       	White=1     	---} 1-0

[Event "45th FIDE Olympiad 2024"]
[Site "Budapest"]
[Date "2024.09.16"]
[Round "6.34"]
[White "Fabri, Henrik"]
[Black "Kyaw, Zay Ya"]
[Result "1-0"]
[WhiteElo "1936"]
[BlackElo "1818"]
[PlyCount "67"]
[EventDate "2024.09.05"]
[EventType "team-tourn"]
[EventCountry "HUN"]
[WhiteTeam "Isle of Man"]
[BlackTeam "Myanmar"]
[WhiteTeamCountry "IOM"]
[BlackTeamCountry "MYA"]
[TimeControl "40/5400+30:1800+30"]

1. e4 d5 2. exd5 Qxd5 3. Nc3 Qa5 4. d4 c6 5. Nf3 Bg4 6. h3 Bh5 7. g4 Bg6 8. h4 Nf6 9. h5 Be4 10. Bd2 Bxf3 11. Qxf3 Qb6 12. g5 Nfd7 13. Bc4 f6 14. Qe4 e5 15. dxe5 fxe5 16. Qf5 Qc5 17. Bf7+ Kd8 18. O-O-O Kc7 19. Ne4 Qb5 20. f4 exf4 21. Bxf4+ Kb6 22. Qe6 Nc5 23. Nxc5 Bxc5 24. Rh3 Ka6 25. Rb3 Qa4 26. Be3 Bf8 27. Rd4 Qa5 28. Bd2 Qxa2 29. Ra3+ Qxa3 30. bxa3 Bxa3+ 31. Kb1 Bc5 32. Ra4+ Kb6 33. Ba5+ Ka6 34. Bc7+ 1-0

[Event "45th FIDE Olympiad 2024"]
[Site "Budapest"]
[Date "2024.09.16"]
[Round "6.35"]
[White "Mamedyarov, Shakhriyar"]
[Black "Kazakouski, Valery"]
[Result "1-0"]
[ECO "A04"]
[WhiteElo "2733"]
[BlackElo "2577"]
[Annotator "TA"]
[PlyCount "85"]
[EventDate "2024.09.05"]
[EventType "team-tourn"]
[EventCountry "HUN"]
[SourceTitle "playchess.com"]
[Source "ChessBase"]
[SourceQuality "1"]
[WhiteTeam "Azerbaijan"]
[BlackTeam "Lithuania"]
[WhiteTeamCountry "AZE"]
[BlackTeamCountry "LTU"]
[TimeControl "40/5400+30:1800+30"]

1. Nf3 Nf6 2. g3 c5 3. Bg2 Nc6 4. O-O e5 5. e4 d6 6. Re1 Be7 7. c3 {[%emt 0:03:11] A04: Unusual lines after 1 Nf3 and King's Indian Attack.} O-O 8. h3 Be6 9. Na3 h6 10. d3 Qd7 11. Kh2 Rfe8 $146 ({Predecessor:} 11... Rad8 12. Nc4 Qc7 13. a4 Nxe4 14. Ne3 Nxf2 15. Qe2 Nxd3 16. Qxd3 d5 17. Qe2 e4 {0-1 Eraclides,G (1530)-Cvak,R (1722) SD-2014-0-00201}) 12. Nc2 b5 13. Ne3 Bf8 14. a4 bxa4 (14... b4 $11) 15. Qxa4 Qb7 16. Nd2 Nd7 17. Nd5 Nb6 18. Qa6 Rab8 19. Nf1 Ne7 20. Nfe3 Qxa6 21. Rxa6 Rb7 22. Bd2 Nexd5 23. exd5 Bd7 24. Ra2 Be7 25. Rea1 Ra8 26. h4 h5 27. c4 Be8 (27... Bf8 $14) 28. Bc3 (28. b4 $142 {Hoping for bxc5.} Nd7 29. b5) 28... Bd8 29. Bxe5 dxe5 30. d6 Rab8 (30... e4 $2 31. Bxe4 Rbb8 32. Bxa8 $18 (32. Rxa7 $2 Rxa7 33. Rxa7 Kf8 $19)) 31. Bxb7 Rxb7 32. Rxa7 Rb8 $2 (32... Bc6 $16 {is a better defense.}) 33. b4 $18 cxb4 34. c5 b3 35. cxb6 b2 36. Rb1 (36. d7 Bxd7 37. Rb1 Bc6 38. Rxb2 Rxb6 39. Rxb6 Bxb6 $18) 36... Bxb6 37. Re7 (37. Rxb2 $2 Bxa7 38. Ra2 Bxe3 39. fxe3 Rd8 $19) 37... Bxe3 38. fxe3 Ba4 (38... f6 $142 39. Rc7 (39. d7 Bg6 $18) 39... Bf7) 39. Rxe5 $18 (39. d7 Kf8 40. Re8+ (40. Rxe5 Bxd7 41. Ra5 Rb3 $16) 40... Rxe8 41. dxe8=N (41. dxe8=Q+ Kxe8 42. d4 Ke7 $18) (41. dxe8=B Kxe8 42. Rxb2 Kd7 $18) 41... Kxe8 42. Rxb2 Kd7 $18) 39... f6 ({But not} 39... Bc2 40. d7 Ba4 41. Re8+ (41. Rxh5 Bxd7 42. Rc5 Rb3 $18) 41... Rxe8 42. dxe8=B (42. dxe8=Q+ Bxe8 43. Rxb2 Kf8 $18) 42... Bxe8 43. Rxb2) 40. Rc5 ({Weaker is} 40. Rxh5 Bc2 41. Rc5 Bxb1 $11) 40... Rb3 41. Rc4 Bb5 42. Rc2 Rxd3 43. Rbxb2 (43. Rcxb2 Bc6 44. Rc2 Bf3 $18) 1-0

[Event "45th FIDE Olympiad 2024"]
[Site "Budapest"]
[Date "2024.09.16"]
[Round "6.35"]
[White "Zaw, Ye Htut"]
[Black "Gumireddy, Sanjay"]
[Result "1-0"]
[WhiteElo "1815"]
[BlackElo "1907"]
[PlyCount "61"]
[EventDate "2024.09.05"]
[EventType "team-tourn"]
[EventCountry "HUN"]
[WhiteTeam "Myanmar"]
[BlackTeam "Isle of Man"]
[WhiteTeamCountry "MYA"]
[BlackTeamCountry "IOM"]
[TimeControl "40/5400+30:1800+30"]

1. e4 d6 2. d4 Nf6 3. Nc3 Nbd7 4. Nf3 e5 5. dxe5 dxe5 6. Bc4 Bb4 7. O-O c6 8. a3 Bxc3 9. bxc3 O-O 10. Re1 Qa5 11. Ba2 b6 12. Bg5 Bb7 13. Bxf6 Nxf6 14. Qd6 Qxc3 15. Nxe5 Rae8 16. Nxf7 Rxf7 17. Qc7 Nd5 18. Bxd5 Qxe1+ 19. Rxe1 cxd5 20. Qc3 dxe4 21. f3 Rc8 22. Qb3 exf3 23. gxf3 Kf8 24. Qb4+ Rc5 25. Re5 Rfc7 26. Rxc5 Rxc5 27. Qf4+ Ke7 28. Qb8 Bxf3 29. Qxa7+ Kf6 30. Qxb6+ Rc6 31. Qf2 1-0

[Event "45th FIDE Olympiad 2024"]
[Site "Budapest"]
[Date "2024.09.16"]
[Round "6.36"]
[White "Laurusas, Tomas"]
[Black "Muradli, Mahammad"]
[Result "1-0"]
[ECO "D24"]
[WhiteElo "2569"]
[BlackElo "2576"]
[Annotator "TA"]
[PlyCount "69"]
[EventDate "2024.09.05"]
[EventType "team-tourn"]
[EventCountry "HUN"]
[SourceTitle "playchess.com"]
[Source "ChessBase"]
[SourceQuality "1"]
[WhiteTeam "Lithuania"]
[BlackTeam "Azerbaijan"]
[WhiteTeamCountry "LTU"]
[BlackTeamCountry "AZE"]
[TimeControl "40/5400+30:1800+30"]

1. d4 Nf6 2. c4 e6 3. Nf3 d5 4. Nc3 dxc4 5. e3 a6 6. a4 b6 {[%emt 0:01:59] D24: Queen's Gambit Accepted: 3 Nf3 Nf6 4 Nc3.} 7. Bxc4 Bb7 8. O-O Bb4 9. Qc2 $5 {[%emt 0:05:26][%mdl 4] Exploring less charted territory.} O-O 10. Rd1 $146 ({Predecessor:} 10. Be2 Nbd7 11. b3 Rc8 12. Bb2 c5 13. Rfd1 cxd4 14. Rxd4 Bc5 15. Rdd1 Qc7 16. Rac1 {½-½ Haug,J (2328)-Schroeder,J (2539) Helsingor Xtracon op 2017 (8)}) 10... Qe7 11. b3 Rd8 12. Bb2 h6 13. h3 Nc6 14. d5 Na5 15. e4 exd5 16. exd5 Nxc4 $1 17. bxc4 c6 18. Re1 Qc7 19. Ne4 $1 Nxe4 (19... cxd5 $6 20. Nxf6+ gxf6 21. Bxf6 Bxe1 (21... Qxc4 $2 22. Qf5 $18) 22. Rxe1 $16) 20. Rxe4 cxd5 21. Rg4 Bf8 22. Be5 Qd7 23. Nd4 (23. Rd1 $1 $11) 23... g6 $2 (23... dxc4 $17 24. Rb1 g5) 24. Rb1 $2 (24. Rxg6+ $1 $18 fxg6 25. Qxg6+ Bg7 26. Nf5) 24... Qe8 25. f4 (25. Nf3 $11 Bc8 26. Rf4) 25... Bc5 (25... Bc8 $1 $17 26. Rg3 Bc5) 26. Kh2 $11 {[%emt 0:00:27] Hoping for Nf5.} dxc4 27. Nf5 h5 28. Ng7 {[%emt 0:00:13] [#]} (28. Rg5 $11 {remains equal.} Rd5 29. Nh6+ Kf8 30. Qc3) 28... Qd7 (28... Qxe5 $1 $17 29. fxe5 hxg4) 29. Nxh5 Qd3 30. Qc1 {[%emt 0:01:04] Dancing on a razor blade.} Kf8 31. Nf6 {[%emt 0:00:29] Threatens to win with Qe1.} Rac8 32. Qe1 {[%emt 0:00:33] Black must now prevent Nh7+.} Rc6 $2 {[%emt 0:00:34][%mdl 8192] [#]} (32... Bf2 $11 33. Nh7+ (33. Qxf2 Qxb1 34. Nh7+ Ke8 $11) 33... Ke8 34. Qxf2 Qxb1 35. Nf6+ Kf8 (35... Ke7 36. Qh4 $11) 36. Nh7+ Ke8 37. Nf6+ Kf8 (37... Ke7 38. Qh4 $11) 38. Nh7+ Ke8) 33. Rh4 $1 $18 {[%emt 0:00:32] White threatens Rh8+ and mate.} Re6 {[%emt 0:00:31] [#]} 34. Rd1 $3 Rxe5 (34... Ke7 35. Rxd3) 35. Qxe5 1-0

[Event "45th FIDE Olympiad 2024"]
[Site "Budapest"]
[Date "2024.09.16"]
[Round "6.36"]
[White "Miah, Zahed"]
[Black "Linn, Phone Myat"]
[Result "0-1"]
[WhiteElo "1895"]
[BlackElo "1763"]
[PlyCount "52"]
[EventDate "2024.09.05"]
[EventType "team-tourn"]
[EventCountry "HUN"]
[WhiteTeam "Isle of Man"]
[BlackTeam "Myanmar"]
[WhiteTeamCountry "IOM"]
[BlackTeamCountry "MYA"]
[TimeControl "40/5400+30:1800+30"]

1. d4 Nf6 2. c4 e6 3. Nf3 Bb4+ 4. Nbd2 b6 5. a3 Bxd2+ 6. Bxd2 Ne4 7. e3 Bb7 8. Bd3 d6 9. Qc2 f5 10. b4 Nd7 11. O-O O-O 12. Ne1 Qh4 13. f3 Ng5 14. Bc3 Rf6 15. g3 Qh5 16. Qg2 Raf8 17. Ra2 Rh6 18. e4 fxe4 19. fxe4 Rxf1+ 20. Kxf1 Nf6 21. d5 Ng4 22. Kg1 e5 23. h4 Nf7 24. Nf3 Rf6 25. Re2 Ngh6 26. Bd2 Qxf3 {0-} 0-1

[Event "45th FIDE Olympiad 2024"]
[Site "Budapest"]
[Date "2024.09.16"]
[Round "6.37"]
[White "Mchedlishvili, Mikheil"]
[Black "Shirov, Alexei"]
[Result "1-0"]
[ECO "A14"]
[WhiteElo "2574"]
[BlackElo "2666"]
[Annotator "RC"]
[PlyCount "49"]
[EventDate "2024.09.05"]
[EventType "team-tourn"]
[EventCountry "HUN"]
[SourceTitle "playchess.com"]
[Source "ChessBase"]
[SourceQuality "1"]
[WhiteTeam "Georgia"]
[BlackTeam "Spain"]
[WhiteTeamCountry "GEO"]
[BlackTeamCountry "ESP"]
[TimeControl "40/5400+30:1800+30"]

1. Nf3 d5 2. c4 e6 3. g3 Nf6 4. Bg2 Be7 5. O-O O-O 6. b3 d4 7. e3 c5 8. Ne5 Ne8 9. f4 Nd7 10. Bb2 Nxe5 11. fxe5 f5 12. exd4 cxd4 13. d3 Rf7 14. Na3 Bf8 15. Nc2 Rd7 16. b4 a5 17. a3 g5 18. Qd2 Bg7 19. Qf2 Bxe5 20. Qe2 Bf6 21. Qxe6+ Rf7 22. Qd5 Bd7 23. Qxb7 Rb8 24. Qd5 Ba4 25. Rac1 1-0

[Event "45th FIDE Olympiad 2024"]
[Site "Budapest"]
[Date "2024.09.16"]
[Round "6.37"]
[White "Alrehaili, Ahmed Abdullah S"]
[Black "Tchouka, Yakini"]
[Result "1-0"]
[WhiteElo "2117"]
[BlackElo "1932"]
[PlyCount "64"]
[EventDate "2024.09.05"]
[EventType "team-tourn"]
[EventCountry "HUN"]
[WhiteTeam "Saudi Arabia"]
[BlackTeam "Togo"]
[WhiteTeamCountry "SAU"]
[BlackTeamCountry "TOG"]
[TimeControl "40/5400+30:1800+30"]

1. e4 c5 2. Nf3 d6 3. c3 Nf6 4. h3 Nc6 5. Bd3 g6 6. O-O Bg7 7. Bc2 O-O 8. d4 cxd4 9. cxd4 d5 10. e5 Ne4 11. Re1 f6 12. exf6 Nxf6 13. Nc3 Kh8 14. Bg5 e6 15. Qd2 Qb6 16. Ba4 Ng8 17. Bxc6 bxc6 18. Na4 Qc7 19. Ne5 Nf6 20. Qf4 Kg8 21. Qh4 Ne4 22. Bh6 c5 23. Bxg7 Kxg7 24. Nxc5 Nxc5 25. Rac1 Qa5 26. Qe7+ Kg8 27. Ng4 Nd7 28. Rxe6 Qd2 29. Rc7 Qf4 30. Rf6 Rxf6 31. Rxd7 Qc1+ 32. Kh2 Qf4+ 1-0

[Event "45th FIDE Olympiad 2024"]
[Site "Budapest"]
[Date "2024.09.16"]
[Round "6.38"]
[White "Anton Guijarro, David"]
[Black "Kacharava, Nikolozi"]
[Result "1/2-1/2"]
[ECO "C78"]
[WhiteElo "2665"]
[BlackElo "2511"]
[Annotator "TA"]
[PlyCount "73"]
[EventDate "2024.09.05"]
[EventType "team-tourn"]
[EventCountry "HUN"]
[SourceTitle "playchess.com"]
[Source "ChessBase"]
[SourceQuality "1"]
[WhiteTeam "Spain"]
[BlackTeam "Georgia"]
[WhiteTeamCountry "ESP"]
[BlackTeamCountry "GEO"]
[TimeControl "40/5400+30:1800+30"]

1. e4 e5 2. Nf3 Nc6 3. Bb5 a6 4. Ba4 Nf6 5. O-O b5 6. Bb3 Bc5 7. a4 Rb8 8. c3 d6 9. d4 Bb6 10. a5 Ba7 (10... Nxa5 11. Rxa5 Bxa5 12. dxe5) 11. h3 Bb7 12. Be3 Nxe4 13. Re1 (13. d5 {is interesting.} Bxe3 14. dxc6 Nxf2 15. Qe2) 13... Ne7 14. Nbd2 Nxd2 15. Bxd2 {[%emt 0:00:30] [#] Threatens to win with Ng5.} O-O $1 16. dxe5 dxe5 17. Nxe5 {[%emt 0:01:33] Bg5 would now be deadly.} Ng6 18. Be3 Nxe5 19. Qxd8 Rbxd8 20. Bxa7 Nd3 21. Re7 Bd5 22. Bxd5 Rxd5 23. Rxc7 Nxb2 24. Bb6 Re8 25. Ra7 Nc4 26. Rxa6 {[%emt 0:01:51] [#] aiming for Bc7.} Rd6 27. Kh2 h5 28. Rb1 Nxa5 29. Rxa5 Rxb6 30. Rbxb5 (30. Raxb5 Rxb5 31. Rxb5 Rc8) 30... Rxb5 31. Rxb5 $16 {[%emt 0:00:04][%mdl 4096] Endgame. KR-KR} Rc8 32. Rb3 h4 33. g3 ({White should try} 33. Rb4 $14) 33... hxg3+ $11 {[%emt 0:02:38] The position is equal.} 34. fxg3 g5 35. Rb5 f6 $1 36. Rf5 Rxc3 37. Rxf6 {[%emt 0:00:05] Weighted Error Value: White=0.07 (flawless) /Black=0.05 (flawless) .  Mistake:       	White=1     	---        Inaccurate:     	White=1     	Black=2      OK:         	White=14    	Black=9      Best:        	White=1     	Black=2      Strong:       	---       	Black=2} 1/2-1/2

[Event "45th FIDE Olympiad 2024"]
[Site "Budapest"]
[Date "2024.09.16"]
[Round "6.38"]
[White "Amewounou, Komlan Kouessan"]
[Black "Alshnaiber, Yazeed"]
[Result "1/2-1/2"]
[WhiteElo "1825"]
[BlackElo "1889"]
[PlyCount "142"]
[EventDate "2024.09.05"]
[EventType "team-tourn"]
[EventCountry "HUN"]
[WhiteTeam "Togo"]
[BlackTeam "Saudi Arabia"]
[WhiteTeamCountry "TOG"]
[BlackTeamCountry "SAU"]
[TimeControl "40/5400+30:1800+30"]

1. e4 e5 2. Nf3 Nc6 3. Nc3 Nf6 4. Bb5 Nd4 5. Bc4 Bc5 6. d3 d6 7. h3 h6 8. a3 a5 9. Nxd4 Bxd4 10. Ne2 Bb6 11. O-O O-O 12. Be3 c6 13. Qd2 d5 14. exd5 cxd5 15. Bxb6 Qxb6 16. Ba2 Bf5 17. Ng3 Bg6 18. b4 Rfd8 19. Kh2 axb4 20. axb4 Ra4 21. Bb3 Rxb4 22. f4 exf4 23. Rxf4 Rxf4 24. Qxf4 Bxd3 25. cxd3 Qxb3 26. Nf5 Qb2 27. Rf1 Re8 28. Nxh6+ gxh6 29. Qxf6 Qxf6 30. Rxf6 Kg7 31. Rd6 Re5 32. d4 Rf5 33. g4 Rf2+ 34. Kg3 Rb2 35. Rxd5 b5 36. Kf4 b4 37. Rb5 Rb1 38. Ke5 b3 39. Kd6 b2 40. d5 Kf6 41. h4 Kg6 42. Rb6 Kg7 43. h5 Kf6 44. Kd7+ Kg5 45. d6 Kxg4 46. Rb5 Kh4 47. Kd8 Rd1 48. Rxb2 Rxd6+ 49. Ke7 Rd5 50. Kxf7 Kxh5 51. Rh2+ Kg5 52. Rg2+ Kf4 53. Rb2 h5 54. Kg6 h4 55. Rb4+ Kg3 56. Rb3+ Kg2 57. Rb2+ Kg1 58. Rb1+ Kf2 59. Rb2+ Kf3 60. Rb3+ Kg4 61. Rb4+ Kh3 62. Rb3+ Kh2 63. Rb2+ Kh1 64. Rb1+ Kg2 65. Rb2+ Kf3 66. Rb3+ Kf2 67. Rb2+ Ke3 68. Rh2 Rd4 69. Kg5 Kf3 70. Rxh4 Rd5+ 71. Kf6 Kg3 1/2-1/2